 Dungeon Crawl Stone Soup version 0.29-a0-997-gf6f7e2dfe7 (webtiles) character file.

Game seed: 16217052669224390095

4 xian the Caller (level 1, 0/16 HPs)
             Began as a Draconian Wanderer on Aug 5, 2022.
             Slain by an endoplasm (1 damage)
             ... on level 1 of the Dungeon.
             The game lasted 00:01:13 (91 turns).

xian the Caller (Draconian Wanderer)                  Turns: 91, Time: 00:01:13

Health: 0/16       AC:  5    Str: 11    XL:     1   Next: 50%
Magic:  0/2        EV: 12    Int: 13    God:
Gold:   7          SH:  0    Dex: 12    Spells: 1/2 levels left

rFire   . . .      SeeInvis .   a - +0 dagger
rCold   . . .      Faith    .   (no shield)
rNeg    . . .      Spirit   .   (body armour unavailable)
rPois   .          Reflect  .   (helmet restricted)
rElec   .          Harm     .   (no cloak)
rCorr   .          Rampage  .   b - +0 pair of gloves
Will    .....                   (no boots)
Stlth   +.........              (no amulet)
HPRegen 0.05/turn               (no ring)
MPRegen 0.08/turn               (no ring)

@: no status effects
A: AC +4, unfitting armour, cold-blooded
a: no special abilities


You were on level 1 of the Dungeon.
You visited 1 branch of the dungeon, and saw 1 of its levels.

You collected 7 gold pieces.

Inventory:

Hand Weapons
 a - a +0 dagger (weapon)
Armour
 b - a +0 pair of gloves (worn)
Scrolls
 c - a scroll of butterflies
Potions
 e - a potion of heal wounds {unknown}
Miscellaneous
 d - a lightning rod (4/4)


   Skills:
 + Level 1.1 Fighting
 + Level 1.0 Throwing
 + Level 1.8 Dodging
 + Level 1.1 Spellcasting
 + Level 3.1 Summonings
 + Level 2.0 Evocations


You had one spell level left.
You knew the following spells:

 Your Spells              Type           Power      Damage    Failure   Level
a - Summon Small Mammal   Summ           32%        N/A       8%          1

Your spell library contained the following spells:

 Spells                   Type           Power      Damage    Failure   Level
 Summon Guardian Golem    Hex/Summ       4%         N/A       41%         3


Dungeon Overview and Level Annotations

Branches:
Dungeon (1/15)

Altars:


Innate Abilities, Weirdness & Mutations

Your plain brown scales are hard. (AC +4)
You cannot fit into any form of body armour.
You are cold-blooded and may be slowed by cold attacks.


Message History

You hit the hobgoblin but do no damage.
The hobgoblin is heavily wounded.
Your bat hits the endoplasm but does no damage.
Your bat closely misses the hobgoblin.
The endoplasm hits your bat.
Your bat dies!
Your bat's corpse disappears in a puff of smoke!
The hobgoblin hits you.
Casting: Summon Small Mammal (safe; 9% risk of failure)
Confirm with . or Enter, or press ? or * to list all spells.
The hobgoblin hits you.
* * * LOW HITPOINT WARNING * * *
You swap places.
The hobgoblin hits your rat.
Your rat misses the hobgoblin.
A kobold comes into view. It is wielding a +0 dagger.
The kobold shouts!
The hobgoblin barely misses your rat.
Your rat bites the hobgoblin but does no damage.
The kobold throws a stone.
The stone hits you but does no damage.
Found a bubbling red potion.
Something closely misses your rat. Something hits your rat.
Your rat dies!
Your rat's corpse disappears in a puff of smoke!
Casting: Summon Small Mammal (safe; 9% risk of failure)
Confirm with . or Enter, or press ? or * to list all spells.
You closely miss the hobgoblin.
The hobgoblin is heavily wounded.
The hobgoblin closely misses you.
You hit the hobgoblin.
The hobgoblin is severely wounded.
The hobgoblin hits you but does no damage.
Your rat closely misses the kobold.
The kobold barely misses you.
You barely miss the hobgoblin.
The hobgoblin is severely wounded.
The hobgoblin hits you but does no damage.
A kobold comes into view. It is wielding a +0 whip.
Your rat completely misses the kobold.
The kobold hits you but does no damage.
You hit the hobgoblin.
You kill the hobgoblin!
Your rat bites the kobold.
The endoplasm attacks as you move away! The endoplasm hits you.
You die...

#! #. #K #. ##########
#.# #........# ##K##
#### .†######.#
##.r?###.. #.######.#
#...K@##.# ......##.#
##..J###.####
...>...#.## ##...gJ....#
#.###.....####..###.##.#
#.. #............†..#
### #.....####..#####
#..#### #...# #..#
#.....# .^..# #........


You could see an endoplasm, 2 kobolds and a friendly rat (summoned).

Vanquished Creatures
  A giant cockroach (D:1)
  A hobgoblin (D:1)
  A bat (D:1)
  A frilled lizard (D:1)
4 creatures vanquished.

Notes
Turn   | Place    | Note
-------+----------+-------------------------------------------
     0 | D:1      | xian the Draconian Wanderer began the quest for the Orb.
     0 | D:1      | xian set off with the following items: a +0 dagger, a +0
                  | pair of gloves, a scroll of butterflies, a lightning rod
                  | (4/4); and the following spell memorised: Summon Small
                  | Mammal; and the following spells available to memorise:
                  | Summon Guardian Golem.
     0 | D:1      | Reached XP level 1. HP: 16/16 MP: 2/2
    91 | D:1      | Slain by an endoplasm

Illustrated notes

Levels and vault maps discovered:
D:1:      ebering_trefoil_3fold, layout_loops_corners,
          ebering_ecumenical_altar_petrified

Action                   || total
-------------------------++-------
Melee: Dagger            ||    27
       Tailslap          ||     3
 Cast: Summon Small Mamm ||     5
Armor: Skin              ||    20
Dodge: Dodged            ||    39

Table legend: (Time is in decaauts)
 A = Elapsed time spent in this place.
 B = Non-inter-level travel time spent in this place.
 C = Inter-level travel time spent in this place.
 D = Time resting spent in this place.
 E = Time spent auto-exploring this place.
 F = Levels seen in this place.
 G = Mean time per level.
                   A        B        C        D        E       F      G
               +--------+--------+--------+--------+--------+-----+--------+
         Total |     93 |     93 |      0 |      0 |     21 |   1 |   93.0 |
       Dungeon |     93 |     93 |      0 |      0 |     21 |   1 |   93.0 |
               +--------+--------+--------+--------+--------+-----+--------+

Top non-repeatable levels by time:
     D:1: 93 daAuts
